 Dungeon Crawl Stone Soup version 0.30-a0-313-gae38170b09 (webtiles) character file.

Game seed: 5436985927404799953

4178 KennySheep the Destroyer (level 9, -6/62 HPs)
             Began as a Demigod Conjurer on Oct 27, 2022.
             Killed by vampiric draining
             ... invoked by a vampire
              (10 damage)
             ... on level 9 of the Dungeon.
             The game lasted 00:24:13 (10510 turns).

KennySheep the Destroyer (Demigod Conjurer)        Turns: 10510, Time: 00:24:13

Health: -6/62      AC:  4    Str:  8    XL:     9   Next: 81%
Magic:  18/22      EV: 12    Int: 38    God:
Gold:   339        SH:  0    Dex: 12    Spells: 14/21 levels left

rFire   . . .      SeeInvis .    n - +1 dagger (venom)
rCold   . . .      Faith    .    (no shield)
rNeg    . . .      Spirit   .    c - +0 robe
rPois   .          Reflect  .    t - +0 helmet
rElec   .          Harm     .    (no cloak)
rCorr   .          Rampage  .    (no gloves)
Will    .....                    w - +0 pair of boots
Stlth   ++........               (no amulet)
HPRegen 0.30/turn                l - +6 ring of intelligence
MPRegen 0.18/turn                r - ring of flight

@: flying
A: high MP 1, forlorn, divine attributes
a: no special abilities


You were on level 9 of the Dungeon.
You visited 1 branch of the dungeon, and saw 9 of its levels.

You collected 339 gold pieces.

Inventory:

Hand Weapons
 n - a +1 dagger of venom (weapon)
Armour
 c - a +0 robe (worn)
 t - a +0 helmet (worn)
 w - a +0 pair of boots (worn)
Jewellery
 l - a +6 ring of intelligence (left hand)
 r - a ring of flight (right hand)
 z - a ring of protection from fire
Wands
 B - a wand of charming (11)
Scrolls
 a - 2 scrolls of vulnerability
 d - 2 scrolls of enchant weapon
 e - 4 scrolls of enchant armour
 g - 7 scrolls of teleportation
 k - 3 scrolls of immolation
 p - a scroll of blinking
 q - 5 scrolls of identify
 u - a scroll of brand weapon
 y - a scroll of noise
Potions
 f - a potion of resistance {unknown}
 h - 5 potions of lignification
 i - 6 potions of curing
 j - 2 potions of degeneration {unknown}
 m - a potion of heal wounds {unknown}
 o - a potion of berserk rage {unknown}
 s - 3 potions of attraction {unknown}
 v - a potion of invisibility {unknown}
 x - a potion of brilliance {unknown}
 A - a potion of flight {unknown}


   Skills:
 - Level 1.7 Dodging
 - Level 1.7 Stealth
 + Level 6.5 Spellcasting
 * Level 10.5 Conjurations
 - Level 6.0 Translocations


You had 14 spell levels left.
You knew the following spells:

 Your Spells              Type           Power      Damage    Failure   Level
a - Magic Dart            Conj           100%       1d8       1%          1
b - Searing Ray           Conj           100%       2d8       1%          2
c - Iskenderun's Mystic   Conj/Tloc      66%        2d14      1%          4

Your spell library contained the following spells:

 Spells                   Type           Power      Damage    Failure   Level
 Shock                    Conj/Air       100%       1d9       1%          1
 Static Discharge         Conj/Air       100%       2-7/arc   1%          2
 Dazzling Flash           Conj/Hex       100%       N/A       1%          3
 Hailstorm                Conj/Ice       51%        3d11      1%          3
 Mephitic Cloud           Conj/Pois/Air  39%        N/A       1%          3
 Vhi's Electric Charge    Tloc/Air       70%        N/A       2%          3
 Necrotise                Necr           48%        1d6       3%          1
 Fulminant Prism          Conj/Hex       25%        3d14      3%          4
 Cigotuvi's Dreadful Rot  Necr/Pois/Air  24%        N/A       4%          2
 Poisonous Vapours        Pois/Air       24%        N/A       4%          2
 Vampiric Draining        Necr           12%        2d6       9%          3
 Arcjolt                  Conj/Air       25%        1d35      10%         5
 Lightning Bolt           Conj/Air       25%        1d41      10%         5
 Summon Forest            Summ/Tloc      17%        N/A       24%         5
 Conjure Ball Lightning   Conj/Air       25%        3x3d7     45%         6
 Summon Mana Viper        Hex/Summ       12%        N/A       63%         5
 Summon Cactus Giant      Summ           6%         N/A       99%         6
 Necromutation            Tmut/Necr      6%         N/A       100%        8


Dungeon Overview and Level Annotations

Branches:
Dungeon (9/15)             Temple (0/1) D:7
   Lair: D:8-11         Orc: D:9-12

Annotations:
D:4 1 runed translucent door, Crazy Yiuf


Innate Abilities, Weirdness & Mutations

You have an increased reservoir of magic. (+10% MP)
You shall have no god before yourself.
Your divine heritage dramatically boosts your attributes as you level up.


Message History

The vampire hits you.
The vampire bites you but does no damage.
The searing ray hits the vampire but does no damage.
The vampire is moderately damaged.
The vampire barely misses you. The vampire bites you!
The vampire draws strength from your injuries!
The searing ray hits the vampire but does no damage.
The vampire hits you! The vampire bites you!
The vampire draws strength from your injuries!
Casting: Searing Ray (safe; 1% risk of failure)
Confirm with . or Enter, or press ? or * to list all spells.
You erupt in a blast of force!
The mystic blast hits the vampire!
The vampire is heavily damaged.
The vampire is knocked back by the mystic blast.
Casting: Iskenderun's Mystic Blast (dangerous; 1% risk of failure)
Confirm with . or Enter, or press ? or * to list all spells.
You erupt in a blast of force!
The mystic blast hits the vampire.
The vampire is heavily damaged.
The vampire is knocked back by the mystic blast.
The vampire mumbles some strange words.
The vampire flickers and vanishes!
Deactivating autopickup; reactivate with Ctrl-A.
Casting: Iskenderun's Mystic Blast (dangerous; 1% risk of failure)
Confirm with . or Enter, or press ? or * to list all spells.
You erupt in a blast of force!
The mystic blast hits something!
You are confused.
You hear some strange, mumbled words.
You are more confused.
You're too confused to move!
Something hits you!
* * * LOW HITPOINT WARNING * * *
Something bites you!
* * * LOW HITPOINT WARNING * * *
Something draws strength from your injuries!
Something hits you.
* * * LOW HITPOINT WARNING * * *
Something bites you but does no damage.
You feel less confused. Magic courses through your body.
Something draws life force from you!
You die...

#.............#..+....#
........#'###..##..#####
........#..##..##..##..##
#'##....#......##..##...#
. #....#####...........#
#......[.#####..##'###
+............####....#
#....................#
#.........@.....>....#
#....................#
#....................#
#....#'##########....#
#....+?. #....# #....#..#
#....# #....#..# #....#
#....##+# ###### #..


There were no monsters in sight!

Vanquished Creatures
  A two-headed ogre (D:9)
  A hornet (D:7)
  Prince Ribbit (D:5)
  2 steam dragons (D:7)
  A water moccasin (D:8)
  An ice beast (D:6)
  A sky beast (D:8)
  A black bear (D:6)
  2 ogres (D:4)
  2 centaurs (D:8)
  2 phantoms
  A kobold brigand (D:7)
  2 bullfrogs
  2 necrophages
  A scorpion (D:6)
  4 wights (D:7)
  4 killer bees (D:8)
  5 howler monkeys
  2 jellies
  7 orc priests
  A hound (D:7)
  A gnoll bouda (D:6)
  5 iguanas
  Terence (D:2)
  15 orc wizards
  Robin (D:4)
  9 gnolls
  3 adders
  A shadow imp (D:5)
  A white imp (D:5)
  3 dart slugs
  27 orcs
  10 bats
  7 endoplasms
  3 giant cockroaches
  15 goblins
  8 hobgoblins
  7 jackals
  14 kobolds
  A quokka (D:2)
  5 ball pythons
  4 frilled lizards
  4 rats
189 creatures vanquished.

Notes
Turn   | Place    | Note
-------+----------+-------------------------------------------
     0 | D:1      | KennySheep the Demigod Conjurer began the quest for the
                  | Orb.
     0 | D:1      | Reached XP level 1. HP: 14/14 MP: 5/5
   232 | D:1      | Reached XP level 2. HP: 20/20 MP: 4/7
   265 | D:1      | Learned a level 2 spell: Searing Ray
   294 | D:1      | Reached skill level 1 in Translocations
   674 | D:1      | Reached skill level 4 in Conjurations
  1092 | D:2      | Reached XP level 3. HP: 26/26 MP: 6/8
  1314 | D:2      | Noticed Terence
  1372 | D:2      | Killed Terence
  2037 | D:3      | Reached XP level 4. HP: 33/33 MP: 8/10
  2042 | D:3      | Learned a level 4 spell: Iskenderun's Mystic Blast
  2626 | D:3      | Got the Essays on Death
  2913 | D:4      | Noticed a phantom
  2926 | D:4      | Killed a phantom
  2927 | D:4      | Reached XP level 5. HP: 35/38 MP: 1/11
  3132 | D:4      | Reached skill level 5 in Conjurations
  3212 | D:4      | Noticed an ogre
  3220 | D:4      | Killed an ogre
  3221 | D:4      | Reached XP level 6. HP: 3/45 MP: 1/13
  3726 | D:4      | Noticed Robin
  3897 | D:4      | Killed Robin
  4030 | D:4      | Found a runed translucent door.
  4031 | D:4      | Noticed Crazy Yiuf
  4636 | D:5      | Entered Level 5 of the Dungeon
  4922 | D:5      | Reached XP level 7. HP: 50/50 MP: 9/15
  5154 | D:5      | Noticed Prince Ribbit
  5170 | D:5      | Killed Prince Ribbit
  5171 | D:5      | Reached skill level 6 in Conjurations
  5620 | D:5      | Reached skill level 5 in Translocations
  6480 | D:6      | Reached XP level 8. HP: 57/57 MP: 10/17
  6758 | D:6      | Reached skill level 7 in Conjurations
  7072 | D:6      | Got the Compilation of Bolts
  7886 | D:7      | Found a staircase to the Ecumenical Temple.
  7969 | D:7      | Reached skill level 8 in Conjurations
  8321 | D:7      | Reached skill level 5 in Spellcasting
  8639 | D:7      | Reached XP level 9. HP: 62/62 MP: 15/20
  8966 | D:7      | Reached skill level 9 in Conjurations
  9821 | D:8      | Reached skill level 10 in Conjurations
 10241 | D:9      | Noticed a two-headed ogre
 10252 | D:9      | Killed a two-headed ogre
 10510 | D:9      | Killed from afar by a vampire

Illustrated notes

Levels and vault maps discovered:
D:1:      ncdulo_halloftheorcs, layout_basic, dilly_ecumenical_altar_fadedgnrine
D:2:      layout_loops_ring, uniq_terence
D:3:      layout_loops_ring, kennysheep_minor_cross
D:4:      layout_basic, mainiacjoe_overflow_catwalk_spiral,
          uniq_crazy_yiuf_cottage, uniq_robin
D:5:      layout_cave_pods, grunt_temple_overflow_diamond, minmay_crystal_water,
          dk_noncrumbling_4, uniq_prince_ribbit1
D:6:      layout_basic, kennysheep_windowed_goal
D:7:      layout_cave_pods, minmay_temple_entry_statues_pillars
D:8:      layout_rooms
D:9:      layout_gridville, chequers_temple_overflow_statue_of_worship,
          erik_lair_orcish_takeover

Skill      XL: |  1  2  3  4  5  6  7  8  9 |
---------------+----------------------------+-----
Translocations | 1 2 3 4 5 6 |  6.0
Spellcasting   | 2 3 5 6 |  6.5
Conjurations   | 4 5 6 8 10 | 10.5
Dodging        | |  1.7
Stealth        | |  1.7

Action                   |  1- 3 |  4- 6 |  7- 9 || total
-------------------------+-------+-------+-------++-------
Melee: Dagger            |     3 |    10 |    37 ||    50
       Short sword       |     2 |       |       ||     2
       Punch             |       |     1 |     2 ||     3
 Cast: Magic Dart        |    86 |    78 |   139 ||   303
       Searing Ray       |     2 |    17 |    47 ||    66
       Iskenderun's Myst |       |     1 |    22 ||    23
  Use: Scroll            |     5 |     1 |     3 ||     9
       Potion            |     2 |       |     1 ||     3
Armor: Robe              |     2 |     1 |    26 ||    29
Dodge: Dodged            |     8 |     8 |    62 ||    78

Table legend: (Time is in decaauts)
 A = Elapsed time spent in this place.
 B = Non-inter-level travel time spent in this place.
 C = Inter-level travel time spent in this place.
 D = Time resting spent in this place.
 E = Time spent auto-exploring this place.
 F = Levels seen in this place.
 G = Mean time per level.
                   A        B        C        D        E       F      G
               +--------+--------+--------+--------+--------+-----+--------+
         Total |  10509 |  10153 |    356 |   2171 |   6780 |   9 | 1167.7 |
       Dungeon |  10509 |  10153 |    356 |   2171 |   6780 |   9 | 1167.7 |
               +--------+--------+--------+--------+--------+-----+--------+

Top non-repeatable levels by time:
     D:4: 1958 daAuts
     D:7: 1609 daAuts
     D:6: 1561 daAuts
     D:5: 1491 daAuts
     D:2: 1037 daAuts
     D:3: 897 daAuts
     D:1: 870 daAuts
     D:8: 814 daAuts
     D:9: 268 daAuts
